 Dungeon Crawl Stone Soup version 0.23.2 (webtiles) character file.

Game seed: 16941145269441144446

2507 Illumine the Cleaver (level 9, -1/74 HPs)
             Began as a Minotaur Fighter on Oct 10, 2019.
             Was a Follower of Makhleb.
             Slain by a warg (5 damage)
             ... on level 7 of the Dungeon.
             The game lasted 00:05:28 (6568 turns).

Illumine the Cleaver (Minotaur Fighter)             Turns: 6568, Time: 00:05:28

Health: -1/74      AC: 15    Str: 25    XL:     9   Next: 28%
Magic:  11/11      EV:  7    Int:  5    God:    Makhleb [*.....]
Gold:   371        SH: 11    Dex:  9    Spells: 8/8 levels left

rFire    . . .     SeeInvis .   a - +0 war axe
rCold    . . .     Gourm    .   c - +0 shield
rNeg     . . .     Faith    .   G - +0 plate armour
rPois    .         Spirit   .   (helmet restricted)
rElec    .         Reflect  .   q - +0 cloak
rCorr    .         Harm     .   (no gloves)
MR       +....                  x - +0 pair of boots
Stlth    ..........             (no amulet)
HPRegen  0.22/turn              D - ring of protection from magic
MPRegen  0.12/turn              (no ring)

@: no status effects
A: retaliatory headbutt, horns 2
a: Renounce Religion


You were on level 7 of the Dungeon.
You worshipped Makhleb.
Makhleb was aware of your devotion.
You were very hungry.

You visited 2 branches of the dungeon, and saw 9 of its levels.

You collected 371 gold pieces.

Inventory:

Hand Weapons
 a - a +0 war axe (weapon)
Armour
 c - a +0 shield (worn)
 q - a +0 cloak (worn)
 x - a +0 pair of boots (worn)
 G - a +0 plate armour (worn)
Jewellery
 D - a ring of protection from magic (left hand)
Wands
 y - a wand of iceblast (5)
Scrolls
 g - 2 scrolls of identify
 i - 2 scrolls of fog
 k - a scroll of random uselessness {unknown}
 l - a scroll of amnesia {unknown}
 m - 2 scrolls of enchant weapon {unknown}
 n - 4 scrolls of teleportation {unknown}
 p - a scroll of fear {unknown}
 t - a scroll of immolation {unknown}
 u - 4 scrolls of remove curse {unknown}
 A - 2 scrolls of magic mapping {unknown}
 C - a scroll of enchant armour {unknown}
 F - 2 scrolls of vulnerability {unknown}
Potions
 d - a potion of might
 e - a potion of lignification
 h - 4 potions of curing
 j - 3 potions of invisibility
 o - 2 potions of flight
 r - 2 potions of haste
 s - a potion of mutation
 w - a potion of magic
 z - a potion of berserk rage {unknown}
 B - a potion of brilliance {unknown}
 E - a potion of heal wounds {unknown}
Miscellaneous
 v - a lightning rod (4/4)
Comestibles
 f - 13 rations


   Skills:
 + Level 5.6 Fighting
 + Level 9.6 Axes
 + Level 5.6 Armour
 + Level 3.4 Dodging
 + Level 8.1 Shields
 * Level 4.6 Invocations


You had 8 spell levels left.
You didn't know any spells.
Your spell library was empty.

Dungeon Overview and Level Annotations

Branches:
Dungeon (8/15)             Temple (1/1) D:5            Lair (0/6) D:8

Altars:
Ashenzari
Cheibriados
Dithmenos
Elyvilon
Fedhas
Hepliaklqana
Kikubaaqudgha
Makhleb
Nemelex Xobeh
Okawaru
Qazlal
Ru
Sif Muna
Trog
Vehumet
Wu Jian
Xom
Yredelemnul
Zin
The Shining One

Shops:
D:5 ?


Innate Abilities, Weirdness & Mutations

You reflexively headbutt those who attack you in melee.
You have a pair of horns on your head.


Message History

You barely miss the warg.
The warg is severely wounded.
The warg closely misses you.
You miss the warg. Your headbutt misses the warg.
The warg is severely wounded.
The warg bites you.
* * * LOW HITPOINT WARNING * * *
The warg bites you but does no damage.
You closely miss the warg. You headbutt the warg.
The warg is almost dead.
The warg bites you!
* * * LOW HITPOINT WARNING * * *
You closely miss the warg.
You headbutt the warg, but do no damage.
The warg is almost dead.
You block the warg's attack.
You hit the warg.
The warg is almost dead.
The warg bites you.
You die...

#......... #### #......... ...#
#......... ...# #......... ...#
####### ##.......# ...#### #.....#
##........> ......# #.....#
###..........
......#####.....#####............
...##.....#.....@...#.##.........
(..###....#....h###....#...รท.....
#### ###................#........
# #.#..)............#.....## #
####.#####...........##)....#
#..........##........#.......
#..........####.........<....
#.....)....# #...............
#..........# #.......(.......


You could see a warg.

Vanquished Creatures
  A hippogriff (D:7)
  A hungry ghost (D:7)
  2 wargs (D:8)
  An orc warrior (D:7)
  2 phantoms (D:6)
  An ogre (D:7)
  2 centaurs
  2 bullfrogs
  A wyvern zombie (D:7)
  6 scorpions
  2 crimson imps
  A quasit (D:8)
  2 bullfrog skeletons
  3 hounds
  An iguana (D:6)
  6 orc wizards
  Natasha (twice) (D:3)
  Ijyb (D:4)
  5 worker ants
  A killer bee zombie (D:7)
  A hound zombie (D:7)
  A hound skeleton (D:5)
  A howler monkey zombie (D:6)
  Robin (D:2)
  3 gnolls (D:6)
  10 adders
  An ooze (D:3)
  An adder zombie (D:6)
  An adder skeleton (D:7)
  3 worms (D:2)
  3 dart slugs
  5 leopard geckos
  16 orcs
  2 ball pythons
  8 giant cockroaches
  11 goblins
  16 hobgoblins
  19 jackals
  2 quokkas
  8 bats
  3 frilled lizards
  3 kobolds (D:3)
  9 rats
171 creatures vanquished.

Vanquished Creatures (others)
  A human (D:6)
1 creature vanquished.

Grand Total: 172 creatures vanquished

Notes
Turn   | Place    | Note
-------+----------+-------------------------------------------
     0 | D:1      | Illumine the Minotaur Fighter began the quest for the Orb.
     0 | D:1      | Reached XP level 1. HP: 19/19 MP: 0/0
    81 | D:1      | Reached XP level 2. HP: 23/27 MP: 1/1
   165 | D:1      | Reached skill level 3 in Axes
   415 | D:1      | Reached XP level 3. HP: 32/33 MP: 2/2
   752 | D:2      | Found a glowing golden altar of the Shining One.
   802 | D:2      | Noticed Robin
   815 | D:2      | Killed Robin
   815 | D:2      | Reached skill level 4 in Axes
   815 | D:2      | Reached XP level 4. HP: 35/40 MP: 3/3
  1259 | D:3      | Found a deep blue altar of Sif Muna.
  1510 | D:3      | Reached skill level 5 in Axes
  1510 | D:3      | Reached skill level 5 in Shields
  1510 | D:3      | Reached XP level 5. HP: 32/46 MP: 4/4
  1824 | D:3      | Noticed Natasha
  1836 | D:3      | Killed Natasha
  1898 | D:3      | Noticed Natasha
  1902 | D:3      | Killed Natasha
  1902 | D:3      | Reached skill level 6 in Axes
  2205 | D:4      | Reached XP level 6. HP: 44/52 MP: 5/5
  2403 | D:4      | Noticed Ijyb
  2409 | D:4      | Killed Ijyb
  2558 | D:4      | Reached skill level 7 in Axes
  2640 | D:4      | Found a sparkling altar of Nemelex Xobeh.
  3254 | D:5      | Entered Level 5 of the Dungeon
  3298 | D:5      | Reached XP level 7. HP: 58/58 MP: 6/6
  3810 | D:5      | Reached skill level 8 in Axes
  3955 | D:5      | Found Odghou's Magic Scroll Shop.
  4011 | D:5      | Found an ornate altar of the Wu Jian Council.
  4011 | D:5      | Found a blossoming altar of Fedhas.
  4121 | D:5      | Found a staircase to the Ecumenical Temple.
  4460 | Temple   | Entered the Ecumenical Temple
  4642 | Temple   | Became a worshipper of Makhleb the Destroyer
  5064 | D:6      | Reached skill level 1 in Invocations
  5064 | D:6      | Reached XP level 8. HP: 52/66 MP: 7/7
  5066 | D:6      | Reached skill level 1 in Dodging
  5125 | D:6      | Reached * piety under Makhleb
  5209 | D:6      | Found an ancient bone altar of Kikubaaqudgha.
  5216 | D:6      | Reached skill level 9 in Axes
  5716 | D:7      | Found a burning altar of Makhleb.
  5757 | D:7      | Reached skill level 5 in Fighting
  5757 | D:7      | Reached skill level 5 in Armour
  5782 | D:7      | Noticed a hippogriff
  5788 | D:7      | Killed a hippogriff
  5853 | D:7      | Reached XP level 9. HP: 47/74 MP: 10/10
  6522 | D:8      | Found a staircase to the Lair.
  6568 | D:7      | Slain by a warg

Skill      XL: |  1  2  3  4  5  6  7  8  9 |
---------------+----------------------------+-----
Axes           | 3 4 5 6 7 8 9 |  9.6
Shields        | 4 5 6 7 8 |  8.1
Fighting       | 4 5 |  5.6
Armour         | 4 5 |  5.6
Invocations    | 1 3 4 |  4.6
Dodging        | 2 3 |  3.4

Action                   |  1- 3 |  4- 6 |  7- 9 || total
-------------------------+-------+-------+-------++-------
Melee: War axe           |    86 |   142 |   268 ||   496
       Headbutt          |    12 |    22 |    34 ||    68
  Use: Scroll            |       |       |     8 ||     8
       Potion            |       |       |     1 ||     1
 Stab: Distracted        |       |       |     1 ||     1
  Eat: Chunk             |       |     6 |     3 ||     9
       Ration            |       |       |     5 ||     5
Armor: Scale mail        |    42 |    58 |    83 ||   183
       Plate armour      |       |       |    10 ||    10
Dodge: Dodged            |    23 |    34 |    70 ||   127
Block: Shield            |    43 |    69 |   158 ||   270
